 Dungeon Crawl Stone Soup version 0.30-a0-723-gc1506a1cf0 (webtiles) character file.

Game seed: 2295581181838400774

22 Crownlay the Digger (level 2, -1/17 HPs)
             Began as an Octopode Earth Elementalist on Jan 28, 2023.
             Slain by Terence
             ... wielding a +0 hand axe
              (3 damage)
             ... on level 2 of the Dungeon.
             The game lasted 00:01:20 (997 turns).

Crownlay the Digger (Octopode Earth Elementalist)    Turns: 997, Time: 00:01:21

Health: -1/17      AC:  1    Str:  7    XL:     2   Next: 91%
Magic:  0/5        EV: 13    Int: 17    God:
Gold:   5          SH:  0    Dex: 12    Spells: 4/5 levels left

rFire   . . .      SeeInvis .    (no weapon)
rCold   . . .      Faith    .    (no shield)
rNeg    . . .      Spirit   .    (helmet restricted)
rPois   .          Reflect  .    (no amulet)
rElec   .          Harm     .    d - ring of flight
rCorr   .          Rampage  .    (no ring)
Will    .....                    (no ring)
Stlth   +++                      (no ring)
HPRegen 0.22/turn                (no ring)
MPRegen 0.09/turn                (no ring)
                                 (no ring)
                                 (no ring)

@: flying
A: almost no armour, amphibious, 8 rings, camouflage 1, gelatinous body 1,
(nimble swimmer 1), tentacles
a: no special abilities


You were on level 2 of the Dungeon.
You visited 1 branch of the dungeon, and saw 2 of its levels.

You collected 5 gold pieces.

Inventory:

Jewellery
 d - a ring of flight (left tentacle)
Scrolls
 b - a scroll of fog {unknown}
 e - a scroll of teleportation {unknown}
Potions
 a - a potion of magic
 c - a potion of heal wounds {unknown}


   Skills:
 - Level 2.0 Dodging
 - Level 2.6 Stealth
 - Level 2.0 Spellcasting
 - Level 1.0 Transmutations
 * Level 4.0 Earth Magic


You had 4 spell levels left.
You knew the following spells:

 Your Spells              Type           Power      Damage    Failure   Level
a - Sandblast             Erth           30%        2d9       3%          1

Your spell library contained the following spells:

 Spells                   Type           Power      Damage    Failure   Level
 Passwall                 Tmut/Erth      8%         N/A       11%         2
 Stone Arrow              Conj/Erth      16%        3d8       26%         3
 Gell's Gravitas          Tloc           1%         N/A       50%         3
 Teleport Other           Tloc           1%         N/A       50%         3
 Petrify                  Tmut/Erth      10%        N/A       56%         4
 Dispersal                Tloc           0%         N/A       100%        6


Dungeon Overview and Level Annotations

Branches:
Dungeon (2/15)

Altars:

Annotations:
D:2 Terence


Innate Abilities, Weirdness & Mutations

You cannot wear most types of armour.
You are amphibious.
You can wear up to eight rings at the same time.
Your skin changes colour to match your surroundings (Stealth+).
Your rubbery body absorbs attacks. (AC +1, EV +1)
((You are camouflaged when in or above water. (Stealth+)))
You have tentacles for arms and can constrict up to eight enemies at once.


Message History

You can't see any susceptible monsters within range! (Use Z to cast anyway.)
You can't see any susceptible monsters within range! (Use Z to cast anyway.) No target in view!
No target in view!
e - a scroll labelled XAICAE NIASE A frilled lizard comes into view.
Terence the Incautious comes into view.
He is wielding a +0 hand axe.
The blast of sand hits the frilled lizard!
You kill the frilled lizard!
You can't see any susceptible monsters within range! (Use Z to cast anyway.)
You see here a hobgoblin corpse.
Found 5 gold pieces.
You now have 5 gold pieces.
The blast of sand hits Terence but does no damage.
Terence shouts!
You hear an angry hiss.
The blast of sand hits Terence!
Terence is moderately wounded.
The blast of sand hits Terence but does no damage.
Terence is moderately wounded.
Terence hits you with a +0 hand axe.
A ball python comes into view.
Terence barely misses you.
The blast of sand hits Terence.
Terence is severely wounded.
The ball python hisses angrily.
Terence hits you with a +0 hand axe!
Ouch! That really hurt!
* * * LOW HITPOINT WARNING * * *
You are too injured to fight recklessly!
Casting: Sandblast (safe; 3% risk of failure)
Confirm with . or Enter, or press ? or * to list all spells.
Aiming: Sandblast (safe; 3% risk of failure)
Press: ? - help, Shift-Dir - straight line, f/p - Terence
Aim: Terence, wielding a +0 hand axe and wearing a +0 scale mail (severely wounded, 84% to hit)
The blast of sand hits Terence.
Terence is almost dead.
Terence hits you with a +0 hand axe.
* * * LOW HITPOINT WARNING * * *
Terence hits you with a +0 hand axe.
You die...

#........# #.######.# #### #.#
#.# #.... # ####.#### #.#
#.###.#.# #.......# #.#
#.......# #.##.##.# #.#
#######.###....# #.#.#.##.# #.#
#.............S@##.###..##.###.#
#.#####.##......@.## ##........#
#.## #.###.#.####.###.###.#####
.#.## #.# # ##.#.## #.#
###.###.. ##.## #.# # ##..###
##+# ### #.# ###.#.# ##...## #.#
.#.##.# ##.....## ####.# #.#.#.#
##.......## ##.##.####
##....###.........####........#


You could see Terence and a ball python.

Vanquished Creatures
  A dart slug (D:1)
  A bat (D:1)
  2 endoplasms
  A giant cockroach (D:1)
  2 goblins (D:1)
  2 hobgoblins
  A quokka (D:1)
  2 ball pythons (D:1)
  2 frilled lizards
  A kobold (D:1)
  5 rats (D:1)
20 creatures vanquished.

Notes
Turn   | Place    | Note
-------+----------+-------------------------------------------
     0 | D:1      | Crownlay the Octopode Earth Elementalist began the quest
                  | for the Orb.
     0 | D:1      | Reached XP level 1. HP: 11/11 MP: 3/3
   253 | D:1      | Reached XP level 2. HP: 17/17 MP: 3/5
   815 | D:2      | Reached skill level 4 in Earth Magic
   874 | D:2      | Noticed Terence
   997 | D:2      | Slain by Terence

Illustrated notes

Levels and vault maps discovered:
D:1:      beargit_arrival_greenhouse, layout_basic
D:2:      layout_loops_corners, hellmonk_ecumenical_altar_lost_god, uniq_terence

Skill      XL: |  1  2 |
---------------+-------+-----
Earth Magic    | 4 |  4.0
Dodging        | |  2.0
Stealth        | |  2.6
Spellcasting   | |  2.0
Transmutations | |  1.0

Action                     || total
---------------------------++-------
   Cast: Sandblast         ||    26
  Dodge: Dodged            ||     3

Table legend: (Time is in decaauts)
 A = Elapsed time spent in this place.
 B = Non-inter-level travel time spent in this place.
 C = Inter-level travel time spent in this place.
 D = Time resting spent in this place.
 E = Time spent auto-exploring this place.
 F = Levels seen in this place.
 G = Mean time per level.
                   A        B        C        D        E       F      G
               +--------+--------+--------+--------+--------+-----+--------+
         Total |   1008 |    977 |     31 |      0 |    749 |   2 |  504.0 |
       Dungeon |   1008 |    977 |     31 |      0 |    749 |   2 |  504.0 |
               +--------+--------+--------+--------+--------+-----+--------+

Top non-repeatable levels by time:
     D:1: 747 daAuts
     D:2: 261 daAuts
